[Event "ICC Open 2015"]
[Site "Internet Chess Club"]
[Date "2015.05.29"]
[Round "6"]
[White "paulohaddad"]
[Black "cristoforo"]
[Result "1-0"]
[ICCResult "Black resigns"]
[WhiteElo "1809"]
[BlackElo "1455"]
[Opening "King's Indian, 3.Nf3"]
[ECO "E60"]
[NIC "QP.06"]
[Time "20:24:43"]
[TimeControl "180+0"]

1. d4 Nf6 2. Nf3 g6 3. c4 c5 4. d5 b5 5. cxb5 a6 6. Nc3 d6 7. e4 Bg7 8. bxa6
Bxa6 9. Bxa6 Nxa6 10. O-O O-O 11. a3 Qb6 12. Qc2 Nb4 13. Qb3 Rfb8 14. Be3
Ng4 15. axb4 Rxa1 16. Rxa1 cxb4 17. Bxb6 {Black resigns} 1-0

[Event "ICC Open 2015"]
[Site "Internet Chess Club"]
[Date "2015.05.29"]
[Round "6"]
[White "delerio"]
[Black "Federicov"]
[Result "0-1"]
[ICCResult "White resigns"]
[WhiteElo "2632"]
[BlackElo "3113"]
[Opening "Nimzo-Indian: three knights variation"]
[ECO "E21"]
[NIC "NI.26"]
[Time "20:23:32"]
[TimeControl "180+0"]

1. d4 Nf6 2. c4 e6 3. Nf3 Bb4+ 4. Nc3 b6 5. g3 Bb7 6. Bg2 O-O 7. O-O Bxc3 8.
bxc3 d6 9. d5 e5 10. Nh4 Nbd7 11. Nf5 Nc5 12. Qc2 Bc8 13. e4 Bxf5 14. exf5
Qd7 15. f4 e4 16. Bh3 h5 17. Be3 Nd3 18. Bd4 Ng4 19. Qe2 Qxf5 20. Bg2 Rfe8
21. h3 Nf6 22. Qe3 Re7 23. Kh2 Rae8 24. Rg1 Qh7 25. Bf1 Ng4+ {White resigns}
0-1

[Event "ICC Open 2015"]
[Site "Internet Chess Club"]
[Date "2015.05.29"]
[Round "6"]
[White "Chisel"]
[Black "Estocolmov"]
[Result "0-1"]
[ICCResult "White resigns"]
[WhiteElo "1766"]
[BlackElo "2226"]
[Opening "King's pawn opening"]
[ECO "B07"]
[NIC "VO.17"]
[Time "20:22:59"]
[TimeControl "180+0"]

1. e4 d6 2. Nc3 Nf6 3. Bc4 g6 4. d3 Bg7 5. Nf3 O-O 6. O-O e5 7. Bg5 h6 8.
Be3 Nc6 9. Qd2 Kh7 10. Nd5 Nxd5 11. Bxd5 Ne7 12. Bb3 c6 13. c3 d5 14. exd5
cxd5 15. Bc5 Re8 16. Rfe1 Nc6 17. Ba4 Bg4 18. Kh1 Bxf3 19. gxf3 Qf6 20. Qe2
Qh4 21. Rg1 Qxa4 22. b4 d4 23. Rg4 dxc3 24. Rag1 b6 25. Qe4 f5 26. Qxf5 gxf5
27. Rxg7+ Kh8 28. Rf7 Rg8 {White resigns} 0-1

[Event "ICC Open 2015"]
[Site "Internet Chess Club"]
[Date "2015.05.29"]
[Round "6"]
[White "ehkopean"]
[Black "Sjelan"]
[Result "0-1"]
[ICCResult "White resigns"]
[WhiteElo "1668"]
[BlackElo "2200"]
[Opening "Caro-Kann: classical, 6.h4"]
[ECO "B18"]
[NIC "CK.12"]
[Time "20:23:05"]
[TimeControl "180+0"]

1. e4 c6 2. d4 d5 3. Nc3 dxe4 4. Nxe4 Bf5 5. Ng3 Bg6 6. h4 h6 7. h5 Bh7 8.
Bd3 Bxd3 9. Qxd3 Nd7 10. Nf3 Ngf6 11. Bd2 Qc7 12. O-O-O O-O-O 13. Kb1 a6 14.
Ne4 e6 15. g3 Nxe4 16. Qxe4 Nf6 17. Qe2 c5 18. Bc3 Nd5 19. Rd3 c4 20. Re3
Nxe3 21. Qxe3 Rd5 22. Ne5 Bd6 23. f4 Bxe5 24. fxe5 Rd7 25. Rf1 Qc6 26. Qf4
Qg2 27. a3 Qh3 28. Bb4 Qxh5 29. Bd6 Qf5 30. Qc1 Qe4 31. Qd1 f5 32. Rf4 Qd5
33. c3 b5 34. Qh1 Qxh1+ {White resigns} 0-1

[Event "ICC Open 2015"]
[Site "Internet Chess Club"]
[Date "2015.05.29"]
[Round "6"]
[White "Chessbomb"]
[Black "gonesailing"]
[Result "1/2-1/2"]
[ICCResult "Game drawn by repetition"]
[WhiteElo "1824"]
[BlackElo "1605"]
[Opening "Latvian counter-gambit"]
[ECO "C40"]
[NIC "KP.09"]
[Time "20:23:23"]
[TimeControl "180+0"]

1. e4 e5 2. Nf3 f5 3. exf5 e4 4. Nd4 Nf6 5. Nc3 Nc6 6. Nxc6 dxc6 7. d3 Bxf5
8. Bg5 Bb4 9. Bxf6 Qxf6 10. Qd2 O-O 11. dxe4 Rad8 12. Bd3 Bxe4 13. O-O Bxg2
14. Kxg2 Qf3+ 15. Kg1 Rd5 16. Rae1 Qg4+ 17. Kh1 Qf3+ 18. Kg1 Bxc3 19. bxc3
Qg4+ 20. Kh1 Qf3+ 21. Kg1 Qg4+ 22. Kh1 Qf3+ 23. Kg1 Qg4+
{Game drawn by repetition}
1/2-1/2

[Event "ICC Open 2015"]
[Site "Internet Chess Club"]
[Date "2015.05.29"]
[Round "6"]
[White "Hareaum"]
[Black "LMLLM"]
[Result "0-1"]
[ICCResult "White checkmated"]
[WhiteElo "1751"]
[BlackElo "2433"]
[Opening "Robatsch (modern) defense"]
[ECO "B06"]
[NIC "KF.06"]
[Time "20:23:33"]
[TimeControl "180+0"]

1. e4 g6 2. g3 Bg7 3. Bg2 b6 4. Ne2 Bb7 5. d3 Nf6 6. O-O O-O 7. Nbc3 e5 8.
f4 exf4 9. Nxf4 d6 10. Kh1 Nbd7 11. Bd2 c6 12. Nce2 Qc7 13. Bc3 Rae8 14. Nh3
Ne5 15. Nd4 Nfg4 16. Nf3 Ne3 17. Qe2 Nxf1 18. Rxf1 d5 19. Nxe5 Bxe5 20. exd5
Bxc3 21. d6 Qxd6 22. Qf2 Bxb2 23. Nf4 Bg7 24. c4 Qd7 25. Bh3 Qd4 26. Bg2
Qxf2 27. Rxf2 Re1+ 28. Bf1 c5+ 29. Kg1 Bd4 30. Nd5 Rfe8 31. Kg2 Bxf2 32.
Kxf2 Rxf1+ 33. Kxf1 Bxd5 34. cxd5 Rd8 35. Ke2 Rxd5 36. Ke3 Rxd3+ 37. Kxd3
Kf8 38. Kc4 Ke7 39. a4 Kd6 40. a5 bxa5 41. g4 a4 42. g5 a6 43. h4 Ke5 44.
Kxc5 a3 45. Kc6 a2 46. Kd7 a1=Q 47. Ke7 Qa3+ 48. Kxf7 Qd6 49. Kg7 Qe7+ 50.
Kh6 Qf7 51. h5 Kf5 52. hxg6 Qxg6# {White checkmated} 0-1

[Event "ICC Open 2015"]
[Site "Internet Chess Club"]
[Date "2015.05.29"]
[Round "6"]
[White "cap78red"]
[Black "hamballe"]
[Result "0-1"]
[ICCResult "White checkmated"]
[WhiteElo "1350"]
[BlackElo "1435"]
[Opening "Grünfeld: 5.e3"]
[ECO "D94"]
[NIC "GI.09"]
[Time "20:23:06"]
[TimeControl "180+0"]

1. c4 Nf6 2. Nc3 d5 3. e3 g6 4. d4 Bg7 5. Nf3 O-O 6. Ne5 c5 7. f4 cxd4 8.
exd4 Nc6 9. cxd5 Nxd5 10. Bc4 Nxc3 11. bxc3 Nxe5 12. fxe5 e6 13. O-O b6 14.
Qg4 Bb7 15. Bg5 Qd7 16. Rf6 Rac8 17. Bb3 Rxc3 18. Rxe6 Rxb3 19. axb3 Qxe6
20. Qg3 f6 21. exf6 Bxf6 22. Bxf6 Qxf6 23. h3 Qxd4+ 24. Kh2 Qxa1 25. b4 Qb2
26. Qd6 Qxg2# {White checkmated} 0-1

[Event "ICC Open 2015"]
[Site "Internet Chess Club"]
[Date "2015.05.29"]
[Round "6"]
[White "isodung"]
[Black "depressnyak"]
[Result "1/2-1/2"]
[ICCResult "Game drawn by repetition"]
[WhiteElo "2707"]
[BlackElo "3222"]
[Opening "Sicilian: closed, 6.f4"]
[ECO "B25"]
[NIC "SI.45"]
[Time "20:22:43"]
[TimeControl "180+0"]

1. e4 c5 2. Nc3 Nc6 3. g3 g6 4. Bg2 Bg7 5. d3 d6 6. f4 e6 7. Nf3 Nge7 8. O-O
O-O 9. Be3 Rb8 10. Bf2 b5 11. d4 b4 12. Ne2 Ba6 13. Re1 Bxe2 14. Rxe2 cxd4
15. Nxd4 Nxd4 16. Bxd4 Bxd4+ 17. Qxd4 Qb6 18. Rd1 Rfc8 19. Qxb6 Rxb6 20.
Red2 a5 21. Bf1 Rbc6 22. Rxd6 Rxd6 23. Rxd6 Rxc2 24. Rd7 Kf8 25. Rd8+ Kg7
26. Rd7 Ng8 27. Ra7 Rxb2 28. Rxa5 Nf6 29. e5 Nd5 30. Ra7 Ne3 31. Bh3 Nf5 32.
Bxf5 gxf5 33. Rb7 Kg6 34. h3 h6 35. Kh1 Kg7 36. Rb8 f6 37. Rb7+ Kg6 38. exf6
Kxf6 39. Kg1 Kg6 40. Kh1 Kf6 41. Kg1 h5 42. h4 Kg6 43. Kh1 Kf6 44. Kg1 Kg6
45. Kh1 Kf6 46. Kg1 {Game drawn by repetition} 1/2-1/2

[Event "ICC Open 2015"]
[Site "Internet Chess Club"]
[Date "2015.05.29"]
[Round "6"]
[White "Smokie"]
[Black "Mormegil"]
[Result "1-0"]
[ICCResult "Black checkmated"]
[WhiteElo "1426"]
[BlackElo "1661"]
[Opening "Sicilian: Kan, 5.Nc3"]
[ECO "B43"]
[NIC "SI.41"]
[Time "20:23:46"]
[TimeControl "180+0"]

1. e4 c5 2. Nf3 e6 3. d4 cxd4 4. Nxd4 a6 5. Nc3 Ne7 6. Bd3 Nbc6 7. Be3 b5 8.
Nxc6 Nxc6 9. f4 Bb7 10. a3 d6 11. O-O Qc7 12. Qg4 Na5 13. f5 e5 14. Nd5 Bxd5
15. exd5 Nc4 16. Bc1 Qc5+ 17. Kh1 Ne3 18. Bxe3 Qxe3 19. Rae1 Qh6 20. f6 gxf6
21. Bf5 Be7 22. Bd7+ Kd8 23. Bc6 Rb8 24. Qd7# {Black checkmated} 1-0

[Event "ICC Open 2015"]
[Site "Internet Chess Club"]
[Date "2015.05.29"]
[Round "6"]
[White "ShadowLike"]
[Black "airantrobo"]
[Result "1-0"]
[ICCResult "Black resigns"]
[WhiteElo "2303"]
[BlackElo "1608"]
[Opening "Sicilian: Smith-Morra gambit"]
[ECO "B21"]
[NIC "SI.48"]
[Time "20:24:36"]
[TimeControl "180+0"]

1. e4 c5 2. d4 cxd4 3. c3 dxc3 4. Nxc3 Nc6 5. Nf3 a6 6. Bc4 e6 7. O-O Nf6 8.
e5 Nd5 9. Nxd5 exd5 10. Qxd5 Qe7 11. Bg5 Qe6 12. Qd3 Qg6 13. Qe2 Be7 14. Bf4
O-O 15. a4 b6 16. Bd3 Qe6 17. Rad1 f6 18. Bc4 {Black resigns} 1-0

[Event "ICC Open 2015"]
[Site "Internet Chess Club"]
[Date "2015.05.29"]
[Round "6"]
[White "Permanent"]
[Black "fearlessone"]
[Result "1-0"]
[ICCResult "Black checkmated"]
[WhiteElo "2092"]
[BlackElo "1708"]
[Opening "Old Indian defense"]
[ECO "A42"]
[NIC "OI.07"]
[Time "20:22:42"]
[TimeControl "180+0"]

1. d4 d6 2. c4 Nd7 3. Nf3 g6 4. Nc3 Bg7 5. Bg5 h6 6. Bd2 e6 7. e3 Ne7 8. Bd3
b6 9. O-O Bb7 10. b3 O-O 11. Be2 f5 12. Rc1 e5 13. dxe5 dxe5 14. Nd5 Nxd5
15. cxd5 Bxd5 16. Bb4 Bb7 17. Bxf8 Nxf8 18. Qxd8 Rxd8 19. Rxc7 Bxf3 20. Bxf3
e4 21. Be2 Be5 22. Rxa7 Rb8 23. Rd1 Rc8 24. Bc4+ Kh8 25. a4 Bb8 26. Rb7 Bc7
27. Ba6 Rd8 28. Rxd8 Bxd8 29. Rb8 Be7 30. Rxb6 Bc5 31. Rb8 Kg7 32. b4 Bd6
33. Rb7+ Kf6 34. Bc4 Be7 35. a5 Ne6 36. Bxe6 Kxe6 37. a6 Bxb4 38. Rxb4 Kd5
39. a7 Kc5 40. Rb1 Kc4 41. Rd1 Kc3 42. a8=Q Kc2 43. Rd7 Kc3 44. Qc8+ Kb2 45.
Rb7+ Ka1 46. Qa8# {Black checkmated} 1-0

[Event "ICC Open 2015"]
[Site "Internet Chess Club"]
[Date "2015.05.29"]
[Round "6"]
[White "Smays"]
[Black "Dewey"]
[Result "1-0"]
[ICCResult "Black resigns"]
[WhiteElo "1635"]
[BlackElo "1338"]
[Opening "Grünfeld: 5.e3"]
[ECO "D94"]
[NIC "QP.08"]
[Time "20:23:02"]
[TimeControl "180+0"]

1. d4 d5 2. Nf3 Nf6 3. e3 g6 4. c4 Bg7 5. Nc3 c6 6. Qb3 b6 7. cxd5 Nxd5 8.
Bc4 Nxc3 9. Bxf7+ Kf8 10. bxc3 Qd6 11. Bc4 b5 12. Be2 Be6 13. Qa3 Qxa3 14.
Bxa3 Bf6 15. Rc1 Kg7 16. c4 bxc4 17. Bxc4 Bxc4 18. Rxc4 Rd8 19. Ke2 Rc8 20.
Rhc1 h5 21. Nd2 Kf7 22. Ne4 Bg7 23. Ng5+ Kf6 24. h4 Bh6 25. f4 a5 26. e4
Bxg5 27. hxg5+ Kf7 28. f5 Ra6 29. Kf3 Nd7 30. fxg6+ Kxg6 31. Bxe7 Nb6 32.
Rxc6+ Rxc6 33. Rxc6+ Kf7 34. Bd8 {Black resigns} 1-0

[Event "ICC Open 2015"]
[Site "Internet Chess Club"]
[Date "2015.05.29"]
[Round "6"]
[White "Ernie1"]
[Black "ALexiz"]
[Result "0-1"]
[ICCResult "White resigns"]
[WhiteElo "1357"]
[BlackElo "1809"]
[Opening "Dutch, 2.Bg5 variation"]
[ECO "A80"]
[NIC "HD.12"]
[Time "20:24:58"]
[TimeControl "180+0"]

1. d4 f5 2. Bg5 Nf6 3. Bxf6 exf6 4. e3 g6 5. Bd3 Bg7 6. c3 O-O 7. h4 d5 8.
h5 Re8 9. hxg6 hxg6 10. Qf3 b6 11. Qh3 Ba6 12. Bxf5 gxf5 13. Qxf5 Nc6 14.
Nf3 Ne7 15. Qg5 fxg5 {White resigns} 0-1

[Event "ICC Open 2015"]
[Site "Internet Chess Club"]
[Date "2015.05.29"]
[Round "6"]
[White "ncc-1701"]
[Black "ural"]
[Result "0-1"]
[ICCResult "White resigns"]
[WhiteElo "2054"]
[BlackElo "2510"]
[Opening "Queen's gambit accepted"]
[ECO "D20"]
[NIC "QG.03"]
[Time "20:23:23"]
[TimeControl "180+0"]

1. d4 d5 2. c4 dxc4 3. e3 e5 4. Bxc4 exd4 5. exd4 Bd6 6. Nf3 Nf6 7. O-O O-O
8. Nc3 Nc6 9. Bg5 h6 10. Bh4 Bg4 11. Be2 Bxf3 12. Bxf3 Nxd4 13. Bxb7 Rb8 14.
Be4 g5 15. Bg3 Bxg3 16. fxg3 Rxb2 17. Bd3 c5 18. Rc1 Re8 19. Bc4 Kg7 20. Na4
Rd2 21. Rxf6 Rxd1+ 22. Rxd1 Qxf6 23. Rf1 Nf5 24. g4 Qd4+ {White resigns} 0-1

[Event "ICC Open 2015"]
[Site "Internet Chess Club"]
[Date "2015.05.29"]
[Round "6"]
[White "vasek"]
[Black "jakemate"]
[Result "0-1"]
[ICCResult "White resigns"]
[WhiteElo "1285"]
[BlackElo "1811"]
[Opening "Sicilian: Canal-Sokolsky (Nimzovich-Rossolimo, Moscow) attack"]
[ECO "B51"]
[NIC "SI.01"]
[Time "20:22:38"]
[TimeControl "180+0"]

1. e4 c5 2. Nf3 d6 3. Bb5+ Nd7 4. O-O a6 5. Bxd7+ Bxd7 6. Re1 Bg4 7. d3 e6
8. h3 Bh5 9. Be3 Be7 10. Nbd2 Nf6 11. Qc1 O-O 12. a3 b5 13. c3 Qc7 14. b4
Rac8 15. bxc5 dxc5 16. a4 Rfd8 17. axb5 axb5 18. Qb2 Rb8 19. Rab1 Rxd3 20.
Ng5 h6 21. Ngf3 c4 22. Bd4 Nd7 23. Re3 Rxe3 24. fxe3 e5 25. Nxe5 Nxe5 26.
Bxe5 Qxe5 27. Nxc4 Qxe4 28. Qxb5 Rxb5 29. Rxb5 Qxc4 30. Rb8+ Kh7 31. Rb7 Bc5
32. Rb1 Bxe3+ 33. Kh1 Qxc3 34. Rf1 Qd3 35. Rf3 Bxf3 {White resigns} 0-1

[Event "ICC Open 2015"]
[Site "Internet Chess Club"]
[Date "2015.05.29"]
[Round "6"]
[White "Theunrock"]
[Black "YHWH"]
[Result "1-0"]
[ICCResult "Black resigns"]
[WhiteElo "1928"]
[BlackElo "1548"]
[Opening "Alekhine's defense"]
[ECO "B02"]
[NIC "AL.10"]
[Time "20:22:52"]
[TimeControl "180+0"]

1. e4 Nf6 2. Qe2 Nc6 3. c3 e5 4. g3 Bc5 5. Bg2 a6 6. Nf3 O-O 7. O-O d6 8. h3
Be6 9. d3 Qd7 10. Kh2 Ne8 11. Ng5 f5 12. Nxe6 Qxe6 13. f4 exf4 14. Bxf4 fxe4
15. Bxe4 Ne5 16. Nd2 c6 17. d4 d5 18. Bg2 Bd6 19. Bxe5 Bxe5 20. Qxe5 Qd7 21.
Rxf8+ Kxf8 22. Rf1+ Kg8 23. h4 Nf6 24. Bh3 Qf7 {Black resigns} 1-0

[Event "ICC Open 2015"]
[Site "Internet Chess Club"]
[Date "2015.05.29"]
[Round "6"]
[White "LittlePeasant"]
[Black "chabotheking"]
[Result "0-1"]
[ICCResult "White resigns"]
[WhiteElo "2769"]
[BlackElo "2411"]
[Opening "English opening"]
[ECO "A05"]
[NIC "QP.11"]
[Time "20:22:27"]
[TimeControl "180+0"]

1. Nf3 Nf6 2. c4 g6 3. Nc3 Bg7 4. g3 O-O 5. Bg2 d5 6. cxd5 Nxd5 7. h4 h5 8.
Ng5 Nb6 9. d3 Nc6 10. O-O Bg4 11. Be3 Rb8 12. Rc1 Nd4 13. Re1 c6 14. Nge4
Rc8 15. Nc5 Rb8 16. b4 e5 17. a4 Nd5 18. b5 Nxe3 19. fxe3 Nf5 20. Qd2 Nxg3
21. bxc6 bxc6 22. N3e4 Qxh4 23. Nxg3 Qxg3 24. Ne4 Qh4 25. Rxc6 Bh6 26. Rf1
f5 27. Nc5 Qg3 28. Rxg6+ Kh7 29. Rxh6+ Kxh6 30. Ne6 Rg8 31. e4+ f4 32. Nxf4
exf4 33. Rxf4 Kg6 34. Rf1 Rbf8 35. Qb4 Rxf1+ 36. Kxf1 Bxe2+ 37. Kxe2 Qxg2+
38. Ke3 Qg3+ 39. Ke2 Qg4+ 40. Ke3 Qg5+ 41. Ke2 h4 42. Qd6+ Kh5 43. Qe6 Qg4+
{White resigns}
0-1

[Event "ICC Open 2015"]
[Site "Internet Chess Club"]
[Date "2015.05.29"]
[Round "6"]
[White "Piranha"]
[Black "Ashtanga"]
[Result "0-1"]
[ICCResult "White resigns"]
[WhiteElo "1783"]
[BlackElo "1692"]
[Opening "Sicilian: Kan, 5.Bd3"]
[ECO "B42"]
[NIC "SI.42"]
[Time "20:23:15"]
[TimeControl "180+0"]

1. e4 c5 2. Nf3 e6 3. d4 cxd4 4. Nxd4 a6 5. Bd3 Nf6 6. Nc3 d6 7. Qe2 Be7 8.
g4 d5 9. e5 Nfd7 10. Bf4 Nc6 11. Nf3 Nb4 12. O-O-O Qc7 13. Kb1 O-O 14. g5
Nxd3 15. cxd3 Qa5 16. h4 b5 17. Rc1 b4 18. Nd1 Bb7 19. d4 Rac8 20. Ne3 Nb6
21. b3 Nc4 22. Nxc4 dxc4 23. Rxc4 Rxc4 24. bxc4 Qa3 25. Rh3 b3 26. Qb2 bxa2+
27. Qxa2 Be4+ 28. Ka1 Qc3+ 29. Qb2 Qa5+ 30. Qa2 Qc3+ 31. Qb2 Qxc4 32. Nd2
Qa4+ 33. Qa2 Qd1+ 34. Nb1 Rb8 35. Rc3 Rxb1+ {White resigns} 0-1

[Event "ICC Open 2015"]
[Site "Internet Chess Club"]
[Date "2015.05.29"]
[Round "6"]
[White "bengalla2001"]
[Black "paraguayo"]
[Result "0-1"]
[ICCResult "White resigns"]
[WhiteElo "1320"]
[BlackElo "1761"]
[Opening "Catalan: closed, 5.Nf3"]
[ECO "E06"]
[NIC "CA.04"]
[Time "20:22:48"]
[TimeControl "180+0"]

1. d4 d5 2. c4 Nf6 3. g3 e6 4. Nf3 Be7 5. Bg2 O-O 6. Qc2 Nbd7 7. a4 a6 8. a5
Re8 9. O-O Ng4 10. Rd1 c6 11. e4 dxe4 12. Qxe4 Ndf6 13. Qc2 Nd7 14. Nc3 Ngf6
15. Bf4 Nf8 16. Be5 Bd6 17. Bxd6 Qxd6 18. Rac1 Ng6 19. Ne4 Nxe4 20. Qxe4 Qb4
21. Qe2 Qxa5 22. d5 cxd5 23. cxd5 Bd7 24. dxe6 Bxe6 25. Qc2 Rac8 26. Qb1
Rxc1 27. Qxc1 Bg4 28. Rd3 Bxf3 29. Bxf3 Re1+ 30. Qxe1 Qxe1+ 31. Kg2 h6 32.
Rd8+ Kh7 33. Rd7 Qe6 34. Rxb7 Ne5 35. Bd1 Qd5+ {White resigns} 0-1

[Event "ICC Open 2015"]
[Site "Internet Chess Club"]
[Date "2015.05.29"]
[Round "6"]
[White "Spirals"]
[Black "Alekhinne"]
[Result "1-0"]
[ICCResult "Black resigns"]
[WhiteElo "2109"]
[BlackElo "1729"]
[Opening "Pirc: classical, h3 system"]
[ECO "B08"]
[NIC "PU.10"]
[Time "20:23:17"]
[TimeControl "180+0"]

1. e4 d6 2. d4 Nf6 3. Nc3 g6 4. Nf3 Bg7 5. h3 O-O 6. Be2 c5 7. dxc5 dxc5 8.
Qxd8 Rxd8 9. Be3 Nbd7 10. O-O-O b6 11. e5 Ne8 12. e6 fxe6 13. Ng5 Nc7 14.
Bc4 Bf6 15. Nxe6 Nxe6 16. Bxe6+ Kf8 17. Rd2 Bd4 18. Bxd4 cxd4 19. Rxd4 Ke8
20. Rhd1 Rb8 21. Ne4 Rb7 22. Ng5 Kf8 {Black resigns} 1-0

[Event "ICC Open 2015"]
[Site "Internet Chess Club"]
[Date "2015.05.29"]
[Round "6"]
[White "outubro2"]
[Black "ILYMJPDL"]
[Result "0-1"]
[ICCResult "White resigns"]
[WhiteElo "1491"]
[BlackElo "1976"]
[Opening "Nimzovich-Larsen attack"]
[ECO "A01"]
[NIC "VO.08"]
[Time "20:23:37"]
[TimeControl "180+0"]

1. b3 Nc6 2. Bb2 d5 3. e3 e5 4. Bb5 Bd6 5. Ne2 Ne7 6. d4 e4 7. c4 a6 8.
Bxc6+ bxc6 9. c5 O-O 10. cxd6 cxd6 11. O-O Ng6 12. Nbc3 f5 13. g3 Qg5 14.
Kg2 Nh4+ 15. Kh1 Nf3 16. Ng1 Qh5 17. Nxf3 exf3 18. Rg1 f4 19. exf4 Bh3 20.
Rc1 Rae8 21. Re1 Bg2+ 22. Kg1 Qh3 23. Nb1 Bh1 {White resigns} 0-1

[Event "ICC Open 2015"]
[Site "Internet Chess Club"]
[Date "2015.05.29"]
[Round "6"]
[White "croder"]
[Black "Cramagica"]
[Result "1-0"]
[ICCResult "Black forfeits on time"]
[WhiteElo "1533"]
[BlackElo "1210"]
[Opening "Sicilian: Najdorf, Byrne (English) attack"]
[ECO "B90"]
[NIC "SI.14"]
[Time "20:22:57"]
[TimeControl "180+0"]

1. e4 c5 2. Nc3 d6 3. Nf3 Nf6 4. d4 cxd4 5. Nxd4 a6 6. Be3 e5 7. Nf3 Be6 8.
Bd3 Be7 9. Qd2 Nbd7 10. O-O Rc8 11. Rfd1 Nc5 12. a3 Nxd3 13. cxd3 O-O 14. d4
exd4 15. Nxd4 Bg4 16. f3 Bd7 17. Kh1 b5 18. f4 Re8 19. e5 dxe5 20. fxe5 Nh5
21. Bf4 Nxf4 22. Qxf4 Bg5 23. Qg3 Qe7 24. Re1 h5 25. Qd3 g6 26. Nf3 Bh6 27.
Rad1 Bf5 28. Qd6 Qxd6 29. Rxd6 Ra8 30. Nd5 Be6 31. Nf6+ Kg7 32. Nxe8+ Rxe8
33. Rxa6 {Black forfeits on time} 1-0

[Event "ICC Open 2015"]
[Site "Internet Chess Club"]
[Date "2015.05.29"]
[Round "6"]
[White "fundador"]
[Black "Qualm"]
[Result "0-1"]
[ICCResult "White resigns"]
[WhiteElo "1416"]
[BlackElo "1688"]
[Opening "Grünfeld: Three knights variation"]
[ECO "D90"]
[NIC "GI.07"]
[Time "20:23:16"]
[TimeControl "180+0"]

1. Nf3 d5 2. d4 Nf6 3. c4 g6 4. Nc3 Bg7 5. h3 O-O 6. Bf4 c6 7. e3 Nbd7 8.
Rc1 Ne4 9. Nd2 Nxc3 10. Rxc3 e5 11. Bxe5 Nxe5 12. dxe5 Bxe5 13. Rc2 Qa5 14.
b3 Be6 15. Bd3 dxc4 16. Bxc4 Rad8 17. Bxe6 fxe6 18. O-O Bc7 19. Qe1 Qf5 20.
Nf3 Qxc2 21. Qb4 Rd1 22. Rxd1 Qxd1+ 23. Qe1 Rd8 24. Kf1 Qxe1+ 25. Kxe1 h6
26. Ke2 Ba5 27. Nd4 e5 28. Ne6 Rd2+ 29. Kf3 Rxa2 30. Nd8 Bxd8 {White
resigns} 0-1

[Event "ICC Open 2015"]
[Site "Internet Chess Club"]
[Date "2015.05.29"]
[Round "6"]
[White "Shadeath"]
[Black "kevinice"]
[Result "1-0"]
[ICCResult "Black resigns"]
[WhiteElo "2910"]
[BlackElo "1980"]
[Opening "Réti opening"]
[ECO "A05"]
[NIC "QP.11"]
[Time "20:23:17"]
[TimeControl "180+0"]

1. Nf3 Nf6 2. b3 g6 3. Bb2 Bg7 4. c4 O-O 5. g3 c6 6. Bg2 d5 7. O-O Nbd7 8.
d3 Re8 9. d4 Ne4 10. Nc3 Ndf6 11. Nd2 Bf5 12. Ncxe4 Nxe4 13. Nxe4 Bxe4 14.
Bxe4 dxe4 15. Qc2 f5 16. Rad1 Qc7 17. d5 e5 18. d6 Qd7 19. c5 Re6 20. f4
exf3 21. exf3 Rae8 22. Rfe1 b6 23. b4 bxc5 24. bxc5 Rb8 25. a4 Rb4 26. Ba3
Rb8 27. Rb1 Rb7 28. Qc4 Rxb1 29. Rxb1 Kf7 30. a5 Kf6 31. a6 e4 32. Rb7 Qc8
33. Bb2+ Kg5 34. f4+ Kh6 35. Bxg7+ Kh5 36. Be5 {Black resigns} 1-0

[Event "ICC Open 2015"]
[Site "Internet Chess Club"]
[Date "2015.05.29"]
[Round "6"]
[White "VerdeNotte"]
[Black "Psycho-Cowboy"]
[Result "1-0"]
[ICCResult "Black resigns"]
[WhiteElo "2929"]
[BlackElo "2429"]
[Opening "Pirc defense"]
[ECO "B07"]
[NIC "PU.08"]
[Time "20:22:47"]
[TimeControl "180+0"]

1. e4 d6 2. d4 Nf6 3. Nc3 Nbd7 4. f4 e5 5. Nf3 exd4 6. Qxd4 c6 7. Be3 d5 8.
O-O-O Bc5 9. Qd2 Qb6 10. Bxc5 Nxc5 11. exd5 O-O 12. d6 Bf5 13. Qd4 a5 14.
Bc4 Rad8 15. Ne5 Ng4 16. Rhe1 a4 17. Nxf7 Rxf7 18. Bxf7+ Kh8 19. Re8+ Rxe8
20. Bxe8 Ne3 21. d7 a3 22. d8=Q Qxb2+ 23. Kd2 {Black resigns} 1-0

[Event "ICC Open 2015"]
[Site "Internet Chess Club"]
[Date "2015.05.29"]
[Round "6"]
[White "born2die"]
[Black "alico"]
[Result "1-0"]
[ICCResult "Black resigns"]
[WhiteElo "1666"]
[BlackElo "1300"]
[Opening "Sicilian: Grand Prix attack"]
[ECO "B21"]
[NIC "SI.48"]
[Time "20:25:25"]
[TimeControl "180+0"]

1. e4 c5 2. f4 d6 3. d3 Nf6 4. Nf3 e6 5. Be2 Be7 6. O-O a6 7. c3 Nc6 8. Na3
b5 9. Nc2 Bb7 10. f5 exf5 11. exf5 O-O 12. Ng5 h6 13. Nh3 Nd5 14. Bf3 Na5
15. Ne3 Nxe3 16. Bxe3 Bxf3 17. Qxf3 Qc7 18. Qh5 Bf6 19. Rf3 Qe7 20. Bxh6
gxh6 21. Qxh6 Bg7 22. Rg3 Qf6 23. Qxf6 {Black resigns} 1-0

[Event "ICC Open 2015"]
[Site "Internet Chess Club"]
[Date "2015.05.29"]
[Round "6"]
[White "QuintilianoR"]
[Black "Prof-chess"]
[Result "0-1"]
[ICCResult "White resigns"]
[WhiteElo "2324"]
[BlackElo "2800"]
[Opening "King's Indian: orthodox, 7...Nbd7"]
[ECO "E94"]
[NIC "KI.13"]
[Time "20:22:39"]
[TimeControl "180+0"]

1. d4 Nf6 2. c4 g6 3. Nc3 Bg7 4. Nf3 d6 5. e4 O-O 6. Be2 e5 7. O-O Nbd7 8.
Be3 c6 9. Qc2 Ng4 10. Bg5 f6 11. Bh4 g5 12. Bg3 Nh6 13. dxe5 fxe5 14. Rad1
Nf7 15. Nd2 Nc5 16. Nb3 Ne6 17. c5 Nd4 18. Nxd4 exd4 19. Na4 b5 20. cxb6
axb6 21. b3 b5 22. Nb2 Rxa2 23. Ra1 Rxb2 24. Qxb2 d3 25. e5 dxe2 26. Qxe2
Nxe5 27. Rad1 Qf6 28. Qd2 d5 29. Rfe1 Ng6 30. Qc2 Nf4 31. Qc5 Bf5 32. Bxf4
gxf4 33. Re7 f3 34. g3 d4 35. Rc7 Be4 36. Re1 d3 37. Qe3 Bg6 38. Rc1 Qf5 39.
R7xc6 Qh3 40. Qe6+ Qxe6 41. Rxe6 d2 42. Rd1 Bc3 43. Rd6 Re8 {White resigns}
0-1

[Event "ICC Open 2015"]
[Site "Internet Chess Club"]
[Date "2015.05.29"]
[Round "6"]
[White "ShayCormac"]
[Black "weezil"]
[Result "1-0"]
[ICCResult "Black resigns"]
[WhiteElo "2445"]
[BlackElo "1957"]
[Opening "Robatsch defense"]
[ECO "B06"]
[NIC "KF.05"]
[Time "20:22:44"]
[TimeControl "180+0"]

1. e4 g6 2. d4 Bg7 3. Nc3 Nc6 4. d5 Nd4 5. Be3 c5 6. Nge2 e5 7. dxe6 dxe6 8.
Qd2 e5 9. O-O-O Ne7 10. Ng3 O-O 11. Bh6 Be6 12. h4 f6 13. h5 g5 14. Bxg7
Kxg7 15. h6+ Kh8 16. Nh5 Bg4 17. f3 Bxh5 18. Rxh5 Qa5 19. Kb1 Ng6 20. Nd5
Qxd2 21. Rxd2 a6 22. c3 Ne6 23. g3 b5 24. Bh3 Rae8 25. Bf5 Rf7 26. Rh1 Ngf8
27. Rhd1 Rb8 28. Ne3 c4 29. Rd6 Nc5 30. Nd5 Nd3 31. Nxf6 b4 32. R1xd3 cxd3
33. c4 Ng6 34. Ng4 Ne7 35. Nxe5 Rff8 36. g4 Nxf5 37. gxf5 Rfd8 38. Rxd8+
{Black resigns}
1-0